 Dungeon Crawl Stone Soup version 0.21.0-3-g78d12a8 (webtiles) character file.

235 wazuzu the Magician (level 5, -4/28 HPs)
             Began as a Deep Elf Fire Elementalist on Jan 8, 2018.
             Was a Believer of Elyvilon.
             Slain by a hobgoblin
             ... wielding a +0 club
              (5 damage)
             ... on level 3 of the Dungeon.
             The game lasted 00:09:04 (3292 turns).

wazuzu the Magician (Deep Elf Fire Elementalist)    Turns: 3292, Time: 00:09:05

Health: -4/28      AC:  5    Str:  5    XL:     5   Next: 76%
Magic:  2/14       EV: 13    Int: 21    God:    Elyvilon [**....]
Gold:   135        SH:  0    Dex: 15    Spells: 11/14 levels left

rFire    . . .     SeeInvis .   v - +0 short sword
rCold    . . .     Gourm    .   (no shield)
rNeg     . . .     Faith    .   a - +0 robe
rPois    .         Spirit   .   t - +0 helmet
rElec    .         Reflect  .   (no cloak)
rCorr    .         Harm     .   j - +1 pair of gloves {archery}
MR       .....                  (no boots)
Stlth    ++........             (no amulet)
HPRegen  0.09/turn              (no ring)
MPRegen  0.14/turn              (no ring)

@: very slightly contaminated
A: no striking features
a: Lesser Healing, Heal Other, Divine Protection, Renounce Religion


You were on level 3 of the Dungeon.
You worshipped Elyvilon.
Elyvilon was pleased with you.
You were hungry.

You visited 1 branch of the dungeon, and saw 3 of its levels.

You collected 135 gold pieces.

Inventory:

Hand Weapons
 v - a +0 short sword (weapon)
Armour
 a - a +0 robe (worn)
 j - a +1 pair of gloves of archery (worn)
 t - a +0 helmet (worn)
Wands
 u - a wand of paralysis (7)
Scrolls
 f - 4 scrolls of enchant armour {unknown}
 g - 4 scrolls of teleportation {unknown}
 i - 4 scrolls of identify {unknown}
 m - a scroll of fog {unknown}
 n - a scroll of blinking {unknown}
 q - a scroll of fear {unknown}
 r - a scroll of enchant weapon {unknown}
 s - 3 scrolls of remove curse {unknown}
 w - 2 scrolls of immolation {unknown}
 x - a scroll of amnesia
Potions
 d - 2 potions of flight {unknown}
 e - a potion of lignification {unknown}
 h - a potion of magic
 k - a potion of haste
 l - a potion of cancellation {unknown}
 o - a potion of brilliance {unknown}
 p - 3 potions of curing {unknown}
Books
 b - a book of Flames

   Spells                             Type                      Level
   a - Flame Tongue                   Conjuration/Fire             1
   b - Throw Flame                    Conjuration/Fire             2
   c - Conjure Flame                  Conjuration/Fire             3
   d - Inner Flame                    Hexes/Fire                   3
   e - Sticky Flame                   Conjuration/Fire             4
   f - Fireball                       Conjuration/Fire             5
Comestibles
 c - 8 rations


   Skills:
 - Level 2.4 Dodging
 - Level 2.4 Stealth
 + Level 5.3 Spellcasting
 + Level 3.7 Conjurations
 + Level 4.9 Fire Magic


You had 11 spell levels left.
You knew the following spells:

 Your Spells              Type           Power        Failure   Level  Hunger
a - Flame Tongue          Conj/Fire      ###..        1%          1    None
b - Throw Flame           Conj/Fire      ###...       2%          2    None


Dungeon Overview and Level Annotations

Branches:
Dungeon (3/15)

Altars:
Elyvilon
Trog

Annotations:
D:3 Sigmund


Message History

Casting: Flame Tongue
Confirm with . or Enter, or press ? or * to list all spells.
Aiming: Flame Tongue
Press: ? - help, Shift-Dir - straight line, f/p - big kobold
Aim: a big kobold (moderately wounded)
The flame tongue hits the big kobold.
The big kobold appears unharmed.
The big kobold is moderately wounded.
The gnoll barely misses you. The big kobold barely misses you.
The gnoll hits you but does no damage.
A kobold comes into view. It is wielding a club.
Casting: Flame Tongue
Confirm with . or Enter, or press ? or * to list all spells.
Aiming: Flame Tongue
Press: ? - help, Shift-Dir - straight line, f/p - big kobold
Aim: a big kobold (moderately wounded)
The flame tongue hits the big kobold.
The big kobold is heavily wounded.
The kobold shouts!
The gnoll hits you but does no damage. The hobgoblin hits you with a club.
You die...

########## ######## ...#.....##
##......# ...'......###.....(.#
####.......#....gK..##'#
).))..[....#...(@gKK...#
.).).......'.....ggK...#
...........#.....K.gK..#
####.......#........##K#
...'......###$......# .#≈≈≈≈≈≈≈#
...#.....## ##......# #≈≈≈≈≈≈≈#
##################### #≈≈≈≈≈≈≈#
≈≈≈≈≈≈≈≈≈≈≈≈≈≈≈≈≈≈≈≈#####≈≈≈≈≈≈≈#
≈≈≈≈≈≈≈≈≈≈≈≈≈≈≈≈≈≈≈≈≈≈≈≈≈≈≈≈≈≈≈≈#


You could see 3 big kobolds, 4 gnolls, a hobgoblin and 4 kobolds.

Vanquished Creatures
  A big kobold (D:3)
  An orc wizard (D:3)
  Ijyb (D:3)
  Robin (D:3)
  2 worms (D:2)
  3 leopard geckos
  4 orcs (D:3)
  7 bats
  2 giant cockroaches (D:2)
  7 hobgoblins
  10 jackals
  A quokka (D:2)
  4 frilled lizards
  14 goblins
  25 kobolds
  A rat (D:1)
84 creatures vanquished.

Notes
Turn   | Place    | Note
-------+----------+-------------------------------------------
     0 | D:1      | wazuzu the Deep Elf Fire Elementalist began the quest for the Orb.
     0 | D:1      | Reached XP level 1. HP: 10/10 MP: 6/6
   299 | D:1      | Reached XP level 2. HP: 13/15 MP: 6/8
  1086 | D:2      | Found a bloodstained altar of Trog.
  1323 | D:2      | Reached XP level 3. HP: 19/19 MP: 6/10
  1447 | D:2      | Found a faded altar of an unknown god.
  1498 | D:2      | Became a worshipper of Elyvilon the Healer
  1498 | D:2      | Reached * piety under Elyvilon
  1709 | D:2      | Reached skill level 4 in Spellcasting
  2001 | D:3      | Reached ** piety under Elyvilon
  2118 | D:3      | Noticed Robin
  2138 | D:3      | Killed Robin
  2157 | D:3      | Reached XP level 4. HP: 12/24 MP: 1/12
  2467 | D:3      | Noticed Ijyb
  2474 | D:3      | Paralysed by Ijyb for 2 turns
  2478 | D:3      | Paralysed by Ijyb for 2 turns
  2491 | D:3      | Killed Ijyb
  2540 | D:3      | Noticed a big kobold
  2545 | D:3      | Reached XP level 5. HP: 22/28 MP: 5/14
  2694 | D:3      | Reached skill level 5 in Spellcasting
  3101 | D:3      | Noticed Sigmund
  3114 | D:3      | Learned a level 2 spell: Throw Flame
  3289 | D:3      | HP: 1/28 [hobgoblin/club (4)]
  3292 | D:3      | Slain by a hobgoblin

Skill      XL: |  1  2  3  4  5 |
---------------+----------------+-----
Conjurations   | 2 3 |  3.7
Spellcasting   | 4 5 |  5.3
Fire Magic     | 4 |  4.9
Dodging        | |  2.4
Stealth        | |  2.4

Action                   |  1- 3 |  4- 6 || total
-------------------------+-------+-------++-------
Melee: Unarmed           |     2 |    15 ||    17
 Cast: Flame Tongue      |    84 |    99 ||   183
  Use: Potion            |       |     2 ||     2
       Scroll            |       |     1 ||     1
  Eat: Chunk             |     3 |     3 ||     6
Armor: Robe              |    10 |    26 ||    36
Dodge: Dodged            |    16 |    67 ||    83
